 Dungeon Crawl Stone Soup version 0.31.0-32-g396128a36d (webtiles) character file.

Game seed: 427439462807619369

19180 bronco the Nimble (level 12, -6/107 HPs)
             Began as an Oni Fighter on Apr 22, 2024.
             Was a High Priest of Sif Muna.
             Drowned by a water elemental (9 damage)
             ... on level 11 of the Dungeon.
             The game lasted 00:39:56 (13915 turns).

bronco the Nimble (Oni Fighter)                    Turns: 13915, Time: 00:39:56

Health: -6/107     AC: 10    Str: 23    XL:     12   Next: 66%
Magic:  22/22      EV: 13    Int: 19    God:    Sif Muna [*****.]
Gold:   834        SH: 12    Dex: 14    Spells: 15/24 levels left

rFire   . . .        f - +2 broad axe (flame)
rCold   . . .        c - +1 kite shield
rNeg    . . .        y - +0 acid dragon scales
rPois   .            z - +0 hat
rElec   .            n - +2 cloak of the Thief {*Fog Slay-2 SInv Stlth+}
rCorr   +            (gloves unavailable)
SInv    +            (boots unavailable)
Will    +....        a - amulet of faith
Stlth   ++           A - +6 ring of intelligence
HPRegen 0.37/turn    g - +6 ring of dexterity
MPRegen 0.18/turn

%: faith
@: engulfed (cannot breathe)
A: large, unfitting armour, horns 1, tough skin 1, double potion healing,
drunken brawling
a: Renounce Religion, Channel Magic, Forget Spell, Divine Exegesis


You were on level 11 of the Dungeon.
You worshipped Sif Muna.
Sif Muna was extremely pleased with you.
You visited 1 branch of the dungeon, and saw 11 of its levels.
You also visited: Sewer and Bailey.

You collected 834 gold pieces.

Inventory:

Hand Weapons
 f - a +2 broad axe of flaming (weapon)
 i - a +5 short sword of draining
 M - a +4 scimitar of flaming
Missiles
 e - 105 stones
 v - 10 boomerangs
 B - 8 poisoned darts
 O - 3 javelins
 P - 11 darts of dispersal
 Q - a throwing net
Armour
 c - a +1 kite shield (worn)
 n - the +2 cloak of the Thief (worn) {*Fog Slay-2 SInv Stlth+}
   (You acquired it on level 8 of the Dungeon)

   *Fog:      It may release a thick cloud of smoke when the wearer is hurt.
   Slay-2:    It affects your accuracy & damage with ranged weapons and melee
   (-2).
   SInv:      It lets you see invisible.
   Stlth+:    It makes you more stealthy.
 y - +0 acid dragon scales (worn)
 z - a +0 hat (worn)
 H - a +2 robe of fire resistance
Jewellery
 a - an amulet of faith (around neck)
 g - a +6 ring of dexterity (right hand)
 j - an amulet of the acrobat
 m - a +6 ring of strength
 r - a ring of ice
 x - a ring of wizardry
 A - a +6 ring of intelligence (left hand)
 G - an amulet of regeneration
Talismans
 C - a blade talisman
Wands
 t - a wand of charming (14)
 u - a wand of polymorph (7)
 w - a wand of mindburst (4)
Scrolls
 b - 2 scrolls of amnesia
 s - a scroll of blinking
 E - a scroll of revelation
 L - a scroll of fog
 N - 2 scrolls of teleportation
Potions
 h - 5 potions of magic
 k - a potion of curing {unknown}
 l - 2 potions of might
 o - 3 potions of mutation
 p - 2 potions of haste
 q - 4 potions of brilliance
 D - a potion of degeneration
 J - 4 potions of enlightenment
Miscellaneous
 K - a lightning rod (2/4)


   Skills:
 - Level 4.0 Fighting
 - Level 10.9 Axes
 - Level 11.0 Dodging
 - Level 8.7 Shields
 - Level 6.8 Spellcasting
 + Level 6.4 Fire Magic


You had 15 spell levels left.
You knew the following spells:

 Your Spells              Type           Power      Damage    Failure   Level
a - Sandblast             Erth           12%        2d6       24%         1
b - Sticky Flame          Fire/Alch      18%        2d6       54%         4
c - Flame Wave            Conj/Fire      18%        2d7       54%         4

Your spell library contained the following spells:

 Spells                   Type           Power      Damage    Failure   Level
 Apportation              Tloc           12%        N/A       24%         1
 Freeze                   Ice            24%        1d4       24%         1
 Necrotise                Necr           24%        1d5       24%         1
 Sting                    Conj/Alch      24%        1d4       24%         1
 Summon Small Mammal      Summ           24%        N/A       24%         1
 Frozen Ramparts          Ice            12%        1d2       58%         3
 Hailstorm                Conj/Ice       6%         3d5       58%         3
 Passwall                 Erth           6%         N/A       58%         3
 Stone Arrow              Conj/Erth      12%        3d7       58%         3
 Tukima's Dance           Hex            6%         N/A       58%         3
 Brom's Barrelling Bould  Conj/Erth      6%         2d3       94%         4
 Dimensional Bullseye     Hex/Tloc       3%         N/A       94%         4
 Iskenderun's Mystic Bla  Conj/Tloc      6%         2d4       94%         4
 Iskenderun's Battlesphe  Conj           6%         2d6       100%        5
 Starburst                Conj/Fire      9%         6d5       100%        6
 Summon Cactus Giant      Summ           3%         N/A       100%        6
 Orb of Destruction       Conj           3%         9d5       100%        7
 Summon Hydra             Summ           3%         N/A       100%        7


Dungeon Overview and Level Annotations

Branches:
Dungeon (11/15)            Temple (0/1) D:6             Orc (0/2) D:9
  Sewer (visited)          Bailey (visited)
   Lair: D:8-11

Altars:
Cheibriados
Dithmenos
Hepliaklqana
Makhleb
Okawaru
Sif Muna
Uskayaw
Vehumet
Wu Jian
Zin

Shops:
D:3 *   D:4 (   D:8 ?   D:10 [

Annotations:
D:6 2 transporters
D:10 2 transporters, TerraPolaris's ghost, novice TrFi


Innate Abilities, Weirdness & Mutations

You are too large for most types of armour.
You have a pair of small horns on your head.
You have tough skin. (AC +1)
You gain doubled healing and magic from potions.
Whenever you drink a healing potion, you attack all around you.


Message History

Unknown command.
Unknown command.
You pick up Sif Muna's Folio of Scintillating Command {god gift} and begin reading...
It was Sif Muna's Folio of Scintillating Command {god gift}.
You add the spells Iskenderun's Battlesphere, Starburst, Summon Cactus Giant, Orb of Destruction and Summon Hydra to your library.
* * * LOW HITPOINT WARNING * * *
Your lungs strain for air!
The vampire mosquito closely misses you.
The vampire mosquito misses you.
You block the vampire mosquito's attack.
The water elemental hits you!
* * * LOW HITPOINT WARNING * * *
The vampire mosquito closely misses you.
Unknown command.
You cannot read scrolls while unable to breathe!
Unknown command.
Okay, then.
Okay, then.
Okay, then.
You cannot cast spells while unable to breathe!
Unknown command.
Unknown command.
You cannot cast spells while unable to breathe!
Okay, then.
You barely miss the water elemental. You headbutt the water elemental.
The water elemental is lightly damaged.
You hit the vampire mosquito. You burn the vampire mosquito.
You barely miss the vampire mosquito. x2
* * * LOW HITPOINT WARNING * * *
Your lungs strain for air!
You block the vampire mosquito's attack. x3
The water elemental hits you.
The vampire mosquito bites you but does no damage. x2
Unknown command.
You hit the water elemental. You burn the water elemental.
You headbutt the water elemental.
The water elemental is moderately damaged.
You hit the vampire mosquito. You burn the vampire mosquito.
You barely miss the vampire mosquito. x2
You die...

#................##...#
#.....................#
###...................#
.....................#
.....................#
...........#.........#
#.....>.....###.....###
........y.####....#
..........yy@#.....
.........§hEyy~§....
....~.~..~§§§≈§§....
...~~..~≈≈≈≈≈§§~~.~.
.....~.~~≈≈≈≈≈≈≈~≈~~
...~≈~§.~≈≈≈≈≈≈≈≈≈..
..≈~≈§≈~..~~h≈.≈≈~~.
~≈h≈≈h.....~~≈≈~~


You could see a water elemental, 4 vampire mosquitoes and a wolf.

Vanquished Creatures
  Erica (D:10)
  2 boulder beetles
  2 two-headed ogres
  Amaemon (D:9)
  An orc knight (Bailey)
  Pikel (D:8)
  Joseph (D:8)
  An orange demon (D:8)
  Maggie (D:6)
  Jeremiah (D:7)
  Grinder (D:3)
  2 trolls
  6 slime creatures (D:10)
  Sigmund (D:3)
  A wraith (D:10)
  A water moccasin (D:6)
  Duvessa (D:4)
  14 orc warriors
  An ice beast (D:7)
  2 centaurs (D:11)
  5 ogres
  2 phantoms
  A lemure (D:8)
  3 kobold brigands
  Blork the orc (D:6)
  5 gnoll sergeants
  A bullfrog (D:9)
  A scorpion (D:4)
  Dowan (D:4)
  3 killer bees (D:10)
  2 electric eels (D:11)
  2 howler monkeys
  2 bombardier beetles
  2 hounds
  4 jellies (Sewer)
  7 orc priests
  A gnoll bouda (D:7)
  3 sleepcaps
  Natasha (thrice) (D:3)
  Terence (D:3)
  4 iguanas
  13 orc wizards
  6 gnolls
  8 adders
  A river rat (Sewer)
  2 shadow imps
  3 white imps
  3 ribbon worms
  5 dart slugs
  39 orcs
  15 endoplasms
  5 giant cockroaches
  12 goblins
  11 hobgoblins
  7 jackals (D:2)
  4 quokkas
  11 ball pythons
  2 bats
  6 frilled lizards
  31 kobolds
  7 rats
287 creatures vanquished.

Notes
Turn   | Place    | Note
-------+----------+-------------------------------------------
     0 | D:1      | bronco the Oni Fighter began the quest for the Orb.
     0 | D:1      | Reached XP level 1. HP: 24/24 MP: 1/1
   189 | D:1      | Reached XP level 2. HP: 30/32 MP: 2/2
   553 | D:1      | Reached XP level 3. HP: 34/38 MP: 3/3
  1014 | D:2      | Found a faded altar of an unknown god.
  1021 | D:2      | Reached XP level 4. HP: 44/48 MP: 4/4
  1030 | D:2      | Prayed at the altar of an unknown god.
  1030 | D:2      | Became a worshipper of Sif Muna the Loreminder
  1030 | D:2      | Reached * piety under Sif Muna
  1416 | D:3      | Noticed Sigmund
  1423 | D:3      | Killed Sigmund
  1424 | D:3      | Reached XP level 5. HP: 31/54 MP: 4/11
  1424 | D:3      | Reached XP level 6. HP: 36/62 MP: 4/12
  1430 | D:3      | Noticed Grinder
  1432 | D:3      | Found Venu's Assorted Antiques.
  1437 | D:4      | Noticed Duvessa
  1437 | D:4      | Noticed Dowan
  1442 | D:3      | Noticed Terence
  1447 | D:3      | Killed Terence
  1525 | D:3      | Found an ornate altar of the Wu Jian Council.
  1532 | D:3      | Killed Grinder
  1533 | D:3      | Reached XP level 7. HP: 44/70 MP: 12/16
  1691 | D:3      | Noticed Natasha
  1705 | D:3      | Killed Natasha
  2117 | D:3      | Noticed Natasha
  2125 | D:3      | Killed Natasha
  2147 | D:3      | Noticed Natasha
  2155 | D:3      | Killed Natasha
  2200 | D:3      | Found a snail-covered altar of Cheibriados.
  2411 | D:4      | Found a radiant altar of Vehumet.
  2438 | D:4      | Reached skill level 5 in Axes
  2459 | D:4      | Reached ** piety under Sif Muna
  2713 | D:4      | Found Fiaryn's Antique Weapon Shop.
  2779 | D:4      | Found a hide-covered altar of Uskayaw.
  2980 | D:4      | Killed Duvessa
  2981 | D:4      | Reached XP level 8. HP: 36/78 MP: 18/18
  3070 | D:4      | Killed Dowan
  3792 | D:5      | Entered Level 5 of the Dungeon
  3895 | D:5      | Found a glowing drain.
  3902 | Sewer    | Entered a sewer
  4170 | Sewer    | Reached *** piety under Sif Muna
  4176 | Sewer    | Reached skill level 3 in Dodging
  4249 | Sewer    | Found a viscous altar of Jiyva.
  4428 | D:5      | Reached skill level 4 in Dodging
  5394 | D:5      | Reached skill level 5 in Dodging
  5818 | D:6      | Reached XP level 9. HP: 76/84 MP: 19/19
  5934 | D:6      | Found a staircase to the Ecumenical Temple.
  6013 | D:6      | Noticed Blork the orc
  6023 | D:6      | Killed Blork the orc
  6024 | D:6      | Reached skill level 6 in Dodging
  6085 | D:6      | Noticed Maggie
  6112 | D:6      | Killed Maggie
  6113 | D:6      | Reached skill level 7 in Dodging
  6213 | D:6      | Found a transporter.
  6218 | D:6      | Found a transporter.
  6218 | D:6      | Found an iron altar of Okawaru.
  6278 | D:6      | Found a shadowy altar of Dithmenos.
  6518 | D:6      | Got the Compendium of Combustion
  6864 | D:7      | Found a burning altar of Makhleb.
  6947 | D:7      | Found a glowing silver altar of Zin.
  7172 | D:7      | You fall into a shaft and drop 1 floor!
  7174 | D:8      | Noticed Pikel
  7212 | D:8      | Killed Pikel
  7411 | D:8      | Found a hazy altar of Hepliaklqana.
  7556 | D:7      | Noticed a boulder beetle
  7581 | D:7      | Killed a boulder beetle
  7582 | D:7      | Reached skill level 10 in Axes
  7582 | D:7      | Reached XP level 10. HP: 13/92 MP: 20/20
  7834 | D:7      | Noticed Jeremiah
  7840 | D:7      | Killed Jeremiah
  7987 | D:7      | Reached **** piety under Sif Muna
  8358 | D:8      | Identified a scroll of acquirement
  8358 | D:8      | Acquired the +2 cloak of the Thief {*Fog Slay-2 SInv
                  | Stlth+}
  8358 | D:8      | Found the +2 cloak of the Thief {*Fog Slay-2 SInv Stlth+}
  8663 | D:8      | Learned a level 1 spell: Sandblast
  8668 | D:8      | Learned a level 4 spell: Sticky Flame
  8673 | D:8      | Learned a level 4 spell: Flame Wave
  8926 | D:8      | Noticed Joseph
  8940 | D:8      | Killed Joseph
  8941 | D:8      | Reached skill level 8 in Dodging
  9061 | D:8      | Found Qat Kese's Magic Scroll Shop.
  9469 | D:9      | Noticed a two-headed ogre
  9482 | D:9      | HP: 1/92 [two-headed ogre/+0 giant spiked club (18)]
  9483 | D:9      | Killed a two-headed ogre
  9484 | D:9      | Reached skill level 9 in Dodging
 10200 | D:9      | Found a staircase to the Orcish Mines.
 10209 | D:9      | Reached ***** piety under Sif Muna
 10586 | D:9      | Reached skill level 10 in Dodging
 10630 | D:9      | Reached XP level 11. HP: 38/100 MP: 21/21
 11024 | D:9      | Noticed Amaemon
 11268 | D:9      | Killed Amaemon
 11269 | D:9      | Reached skill level 11 in Dodging
 11504 | D:9      | Reached XP level 12. HP: 107/107 MP: 22/22
 11557 | D:10     | Entered Level 10 of the Dungeon
 11571 | D:10     | Found Renneyr's Armour Boutique.
 11654 | D:10     | Noticed a boulder beetle
 11664 | D:10     | Found a flagged portal.
 11673 | Bailey   | Entered a bailey
 11915 | Bailey   | Reached skill level 1 in Fire Magic
 12272 | D:10     | Found a transporter.
 12359 | D:10     | Noticed TerraPolaris's ghost (novice TrFi)
 12774 | D:10     | Noticed Erica
 12786 | D:10     | Killed Erica
 13002 | D:10     | Reached skill level 5 in Fire Magic
 13439 | D:10     | Found a transporter.
 13657 | D:11     | Noticed a boulder beetle
 13668 | D:11     | Noticed a two-headed ogre
 13669 | D:11     | Killed a boulder beetle
 13680 | D:10     | Killed a two-headed ogre
 13864 | D:11     | Identified the +0 pair of gloves of Modesty {rN+}
 13912 | D:11     | Received a gift from Sif Muna
 13913 | D:11     | Got Sif Muna's Folio of Scintillating Command {god gift}
 13914 | D:11     | HP: 2/107 [drowned by a water elemental (9)]
 13915 | D:11     | Drowned by a water elemental

Illustrated notes

Levels and vault maps discovered:
D:1:      minmay_arrival_shattered_statue, layout_basic
D:2:      layout_rooms, serial_forest, infiniplex_forest_lined_3,
          infiniplex_forest_lined_2, infiniplex_forest_lined_room_3,
          infiniplex_forest_zigzag_2, infiniplex_forest_end_1,
          infiniplex_forest_zigzag_1, infiniplex_forest_side_room,
          basic_ecumenical_altar
D:3:      layout_rooms, chei_slow_surprise, mainiacjoe_overflow_chevrons,
          serial_shops, shop, moated_statue, uniq_sigmund, uniq_terence,
          uniq_grinder, uniq_natasha
D:4:      layout_gridville, mainiacjoe_overflow_alcove_1, lemuel_tele_altar,
          serial_shops, nicolae_shop_just_a_little_nook,
          guppyfry_early_orc_mine, uniq_duvessa
D:5:      layout_layer_cave, mainiacjoe_sewer_entry_somewhere_in_here_2,
          amcnicky_mini_pool_small, minmay_misc_feat_chi
D:6:      layout_cave_pods, gammafunk_temple_overflow_arena,
          nicolae_dithmenos_the_darkroom, minmay_temple_entry_statues_pillars,
          minmay_misc_feat_hallway, uniq_blork_the_orc, uniq_maggie
D:7:      layout_basic, mainiacjoe_overflow_24_doors, mainiacjoe_overflow_paths,
          chequers_jeans, uniq_jeremiah
D:8:      layout_gridville, nicolae_hepliaklqana_hazy_memory, serial_shops,
          nicolae_shop_rolled_up, minmay_misc_feat_x, uniq_pikel, uniq_joseph
D:9:      layout_basic, kennysheep_orc_monster_closet_entryway,
          chequers_serial_rivers_small_a, uniq_amaemon
D:10:     layout_roguey, gammafunk_ghost_arena, serial_shops, shop,
          enter_bailey_8, nrook_mini_backslash, minmay_unpleasant_kobolds,
          uniq_erica
D:11:     layout_cross, erik_lair_island, minmay_variable_closet

Skill      XL: |  1  2  3  4  5  6  7  8  9 10 11 12 |
---------------+-------------------------------------+-----
Axes           | 3 4 6 7 10 | 10.9
Spellcasting   | 4 6 |  6.8
Dodging        | 5 7 10 11 | 11.0
Shields        | 8 |  8.7
Fire Magic     | 6 |  6.4
Fighting       | |  4.0

Action                     |  1- 3 |  4- 6 |  7- 9 | 10-12 || total
---------------------------+-------+-------+-------+-------++-------
  Melee: War axe           |    86 |    35 |   291 |       ||   412
         Headbutt          |    11 |     7 |    56 |    89 ||   163
         Broad axe         |       |       |    46 |   367 ||   413
  Throw: Stone             |       |       |    63 |     2 ||    65
         Dart              |       |       |    10 |    32 ||    42
         Throwing net      |       |       |       |     4 ||     4
         Javelin           |       |       |       |     7 ||     7
         Boomerang         |       |       |       |     7 ||     7
  Evoke: Wand              |       |       |    12 |    24 ||    36
         Lightning rod     |       |       |       |     4 ||     4
    Use: Potion            |       |     2 |     6 |     5 ||    13
         Scroll            |       |     1 |     9 |    11 ||    21
   Stab: Sleeping          |     1 |       |       |       ||     1
         Invisible         |       |       |     3 |       ||     3
         Held in net/web   |       |       |       |     2 ||     2
 Armour: Robe              |    61 |    14 |   139 |       ||   214
         Acid dragon scale |       |       |    31 |   271 ||   302
  Dodge: Dodged            |    37 |    12 |   127 |   131 ||   307
  Block: Kite shield       |    54 |    13 |   120 |   219 ||   406
